 Dungeon Crawl Stone Soup version 0.29.1 (webtiles) character file.

Game seed: 14423775505632013312

409 qw the Cleaver (level 6, 0/52 HPs)
             Began as a Minotaur Berserker on Sept 13, 2022.
             Was a Believer of Trog.
             Slain by an orc
             ... wielding a +0 trident
              (1 damage)
             ... on level 4 of the Dungeon.
             The game lasted 00:00:54 (3286 turns).

qw the Cleaver (Minotaur Berserker)                 Turns: 3286, Time: 00:00:55

Health: 0/52       AC:  6    Str: 23    XL:     6   Next: 58%
Magic:  5/5        EV: 11    Int:  7    God:    Trog [**....]
Gold:   68         SH:  0    Dex: 10    Spells: 5/5 levels left

rFire   . . .      SeeInvis .   Y - +0 hand axe
rCold   . . .      Faith    .   (no shield)
rNeg    + . .      Spirit   .   f - +0 ring mail of Submission {rPois rN+ Int+3}
rPois   +          Reflect  .   (helmet restricted)
rElec   .          Harm     .   j - +0 cloak
rCorr   .          Rampage  .   (no gloves)
Will    .....                   (no boots)
Stlth   ..........              (no amulet)
HPRegen 0.17/turn               (no ring)
MPRegen 0.09/turn               (no ring)

@: on berserk cooldown, slowed, very slow
A: horns 2, retaliatory headbutt
a: Renounce Religion, Berserk, Trog's Hand


You were on level 4 of the Dungeon.
You worshipped Trog.
Trog was pleased with you.
You visited 1 branch of the dungeon, and saw 4 of its levels.

You collected 215 gold pieces.
You spent 147 gold pieces at shops.


Innate Abilities, Weirdness & Mutations

You have a pair of horns on your head.
You reflexively headbutt those who attack you in melee.


   Skills:
 - Level 4.0 Fighting
 + Level 8.9 Axes
 - Level 2.4 Armour
 - Level 2.1 Dodging


You had 5 spell levels left.
You didn't know any spells.
Your spell library was empty.

Inventory:

Hand Weapons
 b - a +0 flail
 Y - a +0 hand axe (weapon)
Armour
 f - the +0 ring mail of Submission (worn) {rPois rN+ Int+3}
   (You found it on level 3 of the Dungeon)

   Int:       It affects your intelligence (+3).
   rPois:     It protects you from poison.
   rN:        It protects you from negative energy.
 g - a +0 chain mail
 j - a +0 cloak (worn)
Jewellery
 l - an amulet of magic regeneration
Scrolls
 k - a scroll of identify
Potions
 a - a potion of haste
 c - a potion of lignification {unknown}
 d - a potion of curing
 e - a potion of flight {unknown}
 h - a potion of ambrosia {unknown}
 i - a potion of degeneration {unknown}
 o - a potion of mutation {unknown}

Dungeon Overview and Level Annotations

Branches:
Dungeon (4/15)
 Temple: D:4-7

Altars:
Okawaru
Wu Jian

Shops:
D:3 [

Annotations:
D:3 1 runed translucent door, Crazy Yiuf


Message History

You hit the orc.
The orc is heavily wounded.
The orc priest invokes the aid of Beogh against you.
Beogh smites you!
An orc comes into view. It is wielding a +0 trident.
The orc hits you with a +0 flail!
You slash the orc!
You kill the orc!
Trog accepts your kill. The orc priest closely misses you.
Items here: % )) [[.
You slash the orc priest!
The orc priest is severely wounded.
You slash the orc priest!
You kill the orc priest!
Trog accepts your kill.
You slash the orc!
You kill the orc!
Trog accepts your kill.
You feel a strong urge to attack something.
The orc priest hits you but does no damage.
Things that are here:
a +0 flail; an orc corpse You slash the orc priest!
Your headbutt misses the orc priest.
The orc priest is severely wounded.
You hit the orc priest.
The orc priest is almost dead.
You are no longer berserk.
You are exhausted.
You feel yourself slow down. The orc priest closely misses you.
You furiously retaliate!
You headbutt the orc priest.
You kill the orc priest!
Trog accepts your kill.
The orc hits you from afar with a +0 trident.
The orc barely misses you. The orc completely misses you.
Things that are here:
a +1 hand axe of freezing; a +0 leather armour; an orc corpse You closely miss the orc.
Your headbutt misses the orc. You hit the orc.
The orc hits you with a +0 trident.
You die...

# #.# #.######.# .#........#
..........# .####.....# ....#
#.....#### ....######.......#
...............o.#
...............o@###########.#
.#.##......%.###.).))...)....#
...##.####.#.# ######.########
...#..# #>..# #..#
......#####..###### ##...
................... .....
.......###......### ##.....
.....#..........# .....
......)>......### ####


You could see 2 orcs.

Vanquished Creatures
  Grinder (D:3)
  2 orc priests (D:4)
  Jessica (D:2)
  An iguana (D:3)
  An orc wizard (D:4)
  2 adders
  2 worms (D:2)
  A dart slug (D:1)
  4 orcs (D:4)
  3 ball pythons
  7 endoplasms
  2 giant cockroaches
  3 goblins
  5 hobgoblins
  2 jackals (D:2)
  A quokka (D:3)
  4 bats
  2 frilled lizards
  3 kobolds
  6 rats
53 creatures vanquished.

Notes
Turn   | Place    | Note
-------+----------+-------------------------------------------
     0 | D:1      | qw the Minotaur Berserker began the quest for the Orb.
     0 | D:1      | Reached XP level 1. HP: 19/19 MP: 0/0
     0 | D:1      | 0 ||| qw: Version: 0.1-a-119-g272c26d
     0 | D:1      | 0 ||| qw: Game counter: 11189
     0 | D:1      | 0 ||| qw: Always use a shield: true
     0 | D:1      | 0 ||| qw: Do Orc after D:15 true
     0 | D:1      | 0 ||| qw: Do second Lair branch before Depths: true
     0 | D:1      | 0 ||| qw: Lair rune preference: random
     0 | D:1      | 0 ||| qw: Plans: Normal
     0 | D:1      | 0 ||| PLANNING D:1-11
    38 | D:1      | 38 ||| Stepping ~*~*~tactically~*~*~ (hiding).
   140 | D:1      | 140 ||| Stepping ~*~*~tactically~*~*~ (hiding).
   152 | D:1      | 152 ||| Stepping ~*~*~tactically~*~*~ (hiding).
   156 | D:1      | Reached skill level 4 in Axes
   431 | D:1      | 431 ||| INVOKING Berserk.
   432 | D:1      | Reached XP level 2. HP: 9/26 MP: 1/1
   432 | D:1      | 432 ||| INVOKING Berserk.
   915 | D:1      | 915 ||| UPGRADING to +0 leather armour.
   925 | D:1      | 925 ||| DROPPING +0 animal skin.
   926 | D:1      | 926 ||| UPGRADING to +0 cloak.
   931 | D:1      | 931 ||| READING scroll labelled WELEAPS IVEK.
   932 | D:1      | 932 ||| READING scroll labelled HOIRCH INEY.
   933 | D:1      | 933 ||| READING 2 scrolls labelled EDUESAVIETS.
   934 | D:1      | 934 ||| READING scroll labelled MENKOKH CISAZA.
   935 | D:1      | 935 ||| READING scroll labelled SEET OPNUME.
  1036 | D:1      | 1036 ||| READING scroll labelled RIDDET OB TIWK.
  1037 | D:1      | 1037 ||| DRINKING 2 golden potions.
  1038 | D:1      | 1038 ||| DRINKING 2 fizzy black potions.
  1039 | D:1      | 1039 ||| DROPPING potion of attraction.
  1080 | D:2      | 1080 ||| INVOKING Berserk.
  1087 | D:2      | 1087 ||| STAIRDANCE
  1210 | D:2      | 1210 ||| Stepping ~*~*~tactically~*~*~ (stealth).
  1348 | D:2      | Reached skill level 5 in Axes
  1397 | D:2      | 1397 ||| INVOKING Berserk.
  1399 | D:2      | Reached XP level 3. HP: 31/31 MP: 2/2
  1408 | D:2      | 1408 ||| Stepping ~*~*~tactically~*~*~ (stealth).
  1423 | D:2      | 1423 ||| Stepping ~*~*~tactically~*~*~ (stealth).
  1424 | D:2      | 1424 ||| Stepping ~*~*~tactically~*~*~ (stealth).
  1440 | D:2      | 1440 ||| FLEEEEING.
  1441 | D:2      | 1441 ||| FLEEEEING.
  1442 | D:2      | 1442 ||| FLEEEEING.
  1443 | D:2      | 1443 ||| FLEEEEING.
  1444 | D:2      | 1444 ||| FLEEEEING.
  1445 | D:2      | 1445 ||| FLEEEEING.
  1446 | D:2      | 1446 ||| FLEEEEING.
  1447 | D:2      | 1447 ||| FLEEEEING.
  1448 | D:2      | 1448 ||| FLEEEEING.
  1449 | D:2      | 1449 ||| FLEEEEING.
  1450 | D:2      | 1450 ||| FLEEEEING.
  1451 | D:2      | 1451 ||| FLEEEEING.
  1452 | D:2      | 1452 ||| FLEEEEING.
  1453 | D:2      | 1453 ||| FLEEEEING.
  1454 | D:2      | 1454 ||| FLEEEEING.
  1680 | D:2      | 1680 ||| Stepping ~*~*~tactically~*~*~ (stealth).
  1702 | D:2      | Noticed Jessica
  1710 | D:2      | Killed Jessica
  1864 | D:2      | Reached skill level 6 in Axes
  1864 | D:2      | Reached XP level 4. HP: 39/39 MP: 3/3
  2120 | D:2      | 2120 ||| UPGRADING to +0 ring mail.
  2130 | D:2      | 2130 ||| UPGRADING to +0 chain mail.
  2140 | D:2      | 2140 ||| DROPPING +0 ring mail.
  2141 | D:2      | 2141 ||| DROPPING +0 leather armour.
  2142 | D:2      | 2142 ||| READING scroll labelled NYUH IHUNAENT.
  2143 | D:2      | 2143 ||| READING scroll labelled LIMOOW SUAGAMO.
  2144 | D:2      | 2144 ||| DRINKING 3 glowing puce potions.
  2145 | D:2      | 2145 ||| DROPPING 2 potions of brilliance.
  2172 | D:3      | Noticed Grinder
  2173 | D:3      | 2173 ||| INVOKING Berserk.
  2173 | D:3      | Paralysed by Grinder for 2 turns
  2177 | D:3      | Killed Grinder
  2178 | D:3      | Reached skill level 8 in Axes
  2178 | D:3      | Reached XP level 5. HP: 45/45 MP: 4/4
  2178 | D:3      | Reached XP level 6. HP: 51/51 MP: 5/5
  2377 | D:3      | Found Isyotoculy's Antique Armour Emporium.
  2386 | D:3      | 2386 ||| SHOPLISTING pair of embroidered gloves (157 gold,
                  | have 148).
  2386 | D:3      | 2386 ||| BUYING runed scale mail (147 gold).
  2386 | D:3      | Bought a runed scale mail for 147 gold pieces
  2466 | D:3      | Identified the +0 ring mail of Submission {rPois rN+ Int+3}
  2586 | D:3      | Reached ** piety under Trog
  2644 | D:3      | Found a runed translucent door.
  2645 | D:3      | Noticed Crazy Yiuf
  2766 | D:3      | 2766 ||| Stepping ~*~*~tactically~*~*~ (stealth).
  2790 | D:3      | Found an ornate altar of the Wu Jian Council.
  2790 | D:3      | Found an iron altar of Okawaru.
  3010 | D:3      | 3010 ||| DROPPING +1 scale mail of willpower.
  3011 | D:3      | 3011 ||| UPGRADING to +0 ring mail of Submission {rPois rN+
                  | Int+3}.
  3021 | D:3      | 3021 ||| READING scroll labelled PIUTHR CEMNE.
  3109 | D:3      | 3109 ||| READING 2 scrolls of identify.
  3109 | D:3      | 3109 ||| IDENTIFYING clear potion
  3213 | D:4      | 3213 ||| DROPPING +0 whip.
  3258 | D:4      | 3258 ||| FLEEEEING.
  3259 | D:4      | 3259 ||| FLEEEEING.
  3260 | D:4      | 3260 ||| FLEEEEING.
  3261 | D:4      | 3261 ||| FLEEEEING.
  3262 | D:4      | 3262 ||| FLEEEEING.
  3263 | D:4      | 3263 ||| FLEEEEING.
  3270 | D:4      | 3270 ||| DRINKING 2 potions of curing.
  3270 | D:4      | 3270 ||| (to cure confusion)
  3272 | D:4      | 3272 ||| INVOKING Berserk.
  3275 | D:4      | HP: 10/78 [orc priest/divine providence (15)]
  3275 | D:4      | HP: 2/78 [orc/+0 flail (8)]
  3284 | D:4      | HP: 1/52 [orc/+0 trident (1)]
  3286 | D:4      | Slain by an orc

Levels and vault maps discovered:
D:1:      dpeg_arrival_round_b, layout_basic
D:2:      layout_loops_ring, kennysheep_boxes, uniq_jessica
D:3:      layout_loops_ring, gammafunk_temple_overflow_elements, serial_shops,
          shop, uniq_grinder, uniq_crazy_yiuf_cottage
D:4:      layout_rooms, mainiacjoe_overflow_alcove_2, mainiacjoe_overflow_paths

Skill      XL: |  1  2  3  4  5  6 |
---------------+-------------------+-----
Axes           | 4 5 6 8 |  8.9
Fighting       | 4 |  4.0
Armour         | |  2.4
Dodging        | |  2.1

Action                   |  1- 3 |  4- 6 || total
-------------------------+-------+-------++-------
Melee: Hand axe          |    56 |    50 ||   106
       Punch             |     2 |       ||     2
       Headbutt          |     3 |     7 ||    10
Invok: Berserk           |     3 |     2 ||     5
  Use: Scroll            |     6 |     4 ||    10
       Potion            |     2 |     2 ||     4
Armor: Leather armour    |    10 |     1 ||    11
       Ring mail         |       |     4 ||     4
       Chain mail        |       |     4 ||     4
Dodge: Dodged            |    28 |    11 ||    39

Table legend:
 A = Non-vault XP
 B = Vault XP
 C = Vault XP percentage of total XP
 D = Non-vault monster count
 E = Vault monster count
 F = Vault count percentage of total count
                 A         B        C        D         E       F
            +---------+---------+-------+---------+---------+-------
      Total |     267 |     318 |  54.4 |      51 |       2 |   3.8
            +---------+---------+-------+---------+---------+-------
        D:1 |      20 |       0 |   0.0 |      12 |       0 |   0.0
        D:2 |      46 |      37 |  44.6 |      17 |       1 |   5.6
        D:3 |      67 |     281 |  80.7 |      12 |       1 |   7.7
        D:4 |     134 |       0 |   0.0 |      10 |       0 |   0.0
            +---------+---------+-------+---------+---------+-------
